 Dungeon Crawl Stone Soup version 0.28-a0-1130-gc51a68064b (webtiles) character file.

Game seed: 12431073846828603356

89 mcbry74 the Slasher (level 4, 0/35 HPs)
             Began as a Human Berserker on Dec 12, 2021.
             Was a Believer of Trog.
             Succumbed to a scorpion's poison
             ... on level 4 of the Dungeon.
             The game lasted 00:04:20 (1462 turns).

mcbry74 the Slasher (Human Berserker)               Turns: 1462, Time: 00:04:20

Health: 0/35       AC:  9    Str: 16 (19) XL:     4   Next: 84%
Magic:  4/4        EV: 11    Int:  5 (7)  God:    Trog [**....]
Gold:   104        SH:  0    Dex: 12 (13) Spells: 3/3 levels left

rFire   . . .      SeeInvis .   a - +0 falchion
rCold   . . .      Faith    .   (no shield)
rNeg    . . .      Spirit   .   e - +3 ring mail
rPois   .          Reflect  .   (no helmet)
rElec   .          Harm     .   f - +0 cloak
rCorr   .          Rampage  .   (no gloves)
Will    .....                   (no boots)
Stlth   +.........              (no amulet)
HPRegen 0.11/turn               (no ring)
MPRegen 0.09/turn               (no ring)

@: lethally poisoned (0 -> -9), on berserk cooldown, hasted and slowed
A: no striking features
a: Renounce Religion, Berserk, Trog's Hand


You were on level 4 of the Dungeon.
You worshipped Trog.
Trog was pleased with you.
You visited 1 branch of the dungeon, and saw 4 of its levels.

You collected 104 gold pieces.

Inventory:

Hand Weapons
 a - a +0 falchion (weapon)
 i - a +0 short sword
Missiles
 d - 55 stones (quivered)
 g - 16 bolts
Armour
 b - a +0 animal skin
 e - a +3 ring mail (worn)
 f - a +0 cloak (worn)
Scrolls
 c - a scroll of torment {unknown}


   Skills:
 - Level 3.0 Fighting
 + Level 5.2 Long Blades
 - Level 2.0 Armour
 - Level 2.0 Dodging


You had 3 spell levels left.
You didn't know any spells.
Your spell library was empty.

Dungeon Overview and Level Annotations

Branches:
Dungeon (4/15)
 Temple: D:4-7

Altars:


Message History

Trog accepts your kill.
There is a stone staircase leading down, spattered with blood here.
You see here a +0 club.
You climb downwards.
There is a stone staircase leading up here.
You hit the scorpion but do no damage. The scorpion barely misses you.
The scorpion stings you but does no damage.
You hit the scorpion.
The scorpion is lightly wounded.
The scorpion stings you but does no damage.
The scorpion barely misses you.
You hit the scorpion but do no damage.
The scorpion is lightly wounded.
The scorpion stings you. x2
You are poisoned.
The scorpion poisons you!
You hit the scorpion.
The scorpion is heavily wounded.
You feel very sick.
The scorpion stings you but does no damage. x2
You hit the scorpion.
The scorpion is severely wounded.
You feel very sick. The scorpion stings you.
* * * LOW HITPOINT WARNING * * *
You are lethally poisoned!
The scorpion poisons you! The scorpion stings you.
* * * LOW HITPOINT WARNING * * *
It was a potion of haste.
You feel yourself speed up.
* * * LOW HITPOINT WARNING * * *
You feel very sick. The scorpion stings you.
* * * LOW HITPOINT WARNING * * *
The scorpion closely misses you.
It was a potion of degeneration.
There was something very wrong with that liquid.
You feel weakened.
You feel dopey.
You feel clumsy.
* * * LOW HITPOINT WARNING * * *
You feel sick. The scorpion closely misses you.
You die...

# ##.### ###
.#...## #..#
......# ##..
......#
#...#......#
#...@.....#
#......s.#...#
............. .
...######...#..
.. #..# . .## #


You could see a scorpion.

Vanquished Creatures
  Natasha (D:3)
  2 adders
  A worm (D:2)
  A dart slug (D:1)
  An orc (D:3)
  2 endoplasms (D:1)
  3 giant cockroaches
  3 hobgoblins
  2 quokkas
  6 ball pythons
  8 bats
  2 frilled lizards
  2 goblins (D:1)
  3 kobolds
  6 rats
43 creatures vanquished.

Notes
Turn   | Place    | Note
-------+----------+-------------------------------------------
     0 | D:1      | mcbry74 the Human Berserker began the quest for the Orb.
     0 | D:1      | Reached XP level 1. HP: 18/18 MP: 1/1
   144 | D:1      | Reached XP level 2. HP: 22/24 MP: 2/2
   712 | D:1      | Reached skill level 4 in Long Blades
   712 | D:1      | Reached XP level 3. HP: 29/29 MP: 3/3
   989 | D:2      | Reached ** piety under Trog
  1200 | D:2      | Reached XP level 4. HP: 26/35 MP: 4/4
  1374 | D:2      | You fall into a shaft and drop 1 floor!
  1374 | D:3      | Found a faded altar of an unknown god.
  1427 | D:3      | Noticed Natasha
  1438 | D:3      | Killed Natasha
  1439 | D:3      | Reached skill level 5 in Long Blades
  1452 | D:4      | Noticed a scorpion
  1461 | D:4      | HP: 1/35 [poisoned by a scorpion]
  1462 | D:4      | Succumbed to a scorpion's poison

Illustrated notes

Levels and vault maps discovered:
D:1:      denvon_arrival_planthouse, layout_rooms
D:2:      layout_basic, basic_altar, minmay_fountain_box
D:3:      layout_loops_ring, dilly_ecumenical_altar_fadedgnrine, uniq_natasha
D:4:      layout_cave_pools, uniq_duvessa, uniq_grinder

Skill      XL: |  1  2  3  4 |
---------------+-------------+-----
Long Blades    | 4 5 |  5.2
Fighting       | |  3.0
Armour         | |  2.0
Dodging        | |  2.0

Action                   |  1- 3 |  4- 6 || total
-------------------------+-------+-------++-------
Melee: Falchion          |   109 |    32 ||   141
Invok: Berserk           |     1 |     1 ||     2
  Use: Potion            |       |     2 ||     2
Armor: Animal skin       |     6 |       ||     6
       Ring mail         |    53 |    13 ||    66
Dodge: Dodged            |    92 |    16 ||   108

Table legend: (Time is in decaauts)
 A = Elapsed time spent in this place.
 B = Non-inter-level travel time spent in this place.
 C = Inter-level travel time spent in this place.
 D = Time resting spent in this place.
 E = Time spent auto-exploring this place.
 F = Levels seen in this place.
 G = Mean time per level.
                   A        B        C        D        E       F      G
               +--------+--------+--------+--------+--------+-----+--------+
         Total |   1488 |   1465 |     23 |    344 |    666 |   4 |  372.0 |
       Dungeon |   1488 |   1465 |     23 |    344 |    666 |   4 |  372.0 |
               +--------+--------+--------+--------+--------+-----+--------+

Top non-repeatable levels by time:
     D:1: 986 daAuts
     D:2: 408 daAuts
     D:3: 79 daAuts
     D:4: 14 daAuts
